 Dungeon Crawl Stone Soup version 0.31-a0-152-g6aa68a64a1 (webtiles) character file.

Game seed: 6286924842127292827

1781 qw the Skirmisher (level 8, -2/69 (73) HPs)
             Began as a Minotaur Hunter on June 10, 2023.
             Slain by a wight
             ... wielding a +1 spear
              (6 damage)
             ... on level 6 of the Dungeon.
             The game lasted 00:02:01 (4239 turns).

qw the Skirmisher (Minotaur Hunter)                 Turns: 4239, Time: 00:02:02

HP:   -2/69 (73)    AC:  5    Str: 16    XL:     8   Next: 81%
MP:   6/6           EV: 12    Int:  6    God:
Gold: 147           SH:  5    Dex: 16    Spells: 7/7 levels left

rFire   . . .        Y - +4 shortbow (flame)
rCold   . . .        (shield currently unavailable)
rNeg    . . .        g - +0 ring mail
rPois   .            (helmet restricted)
rElec   .            (no cloak)
rCorr   +            (no gloves)
SInv    .            (no boots)
Will    ++...        c - amulet of reflection
Stlth   ++           b - ring of Harmony {Will+ rCorr Stlth+}
HPRegen 0.31/turn    (no ring)
MPRegen 0.10/turn

%: reflection, clarity
@: about to teleport, drained
A: horns 2, retaliatory headbutt, clarity, low MP 1, strong-willed 1
a: no special abilities


You were on level 6 of the Dungeon.
You visited 2 branches of the dungeon, and saw 7 of its levels.
You also visited: Sewer.

You collected 268 gold pieces.
You spent 121 gold pieces at shops.


Innate Abilities, Weirdness & Mutations

You have a pair of horns on your head.
You reflexively headbutt those who attack you in melee.
You possess an exceptional clarity of mind.
Your magical capacity is low. (-10% MP)
You are strong-willed. (Will+)


   Skills:
 - Level 7.0 Fighting
 + Level 11.0 Ranged Weapons
 - Level 2.2 Armour
 - Level 4.1 Dodging
 - Level 0.7 Stealth


You had 7 spell levels left.
You didn't know any spells.
Your spell library was empty.

Inventory:

Hand Weapons
 Y - a +4 shortbow of flaming (weapon)
Armour
 g - a +0 ring mail (worn)
 l - a +1 pair of gloves
Jewellery
 b - the ring of Harmony (left hand) {Will+ rCorr Stlth+}
   (You acquired it in a sewer)

   [ring of resist corrosion]

   rCorr:     It protects you from acid and corrosion.
   Will:      It increases your willpower.
   Stlth:     It makes you more stealthy.
 c - an amulet of reflection (around neck)
 e - a ring of ice
 k - a ring of protection from fire
Wands
 f - a wand of digging (3)
Scrolls
 h - 4 scrolls of identify
 j - a scroll of teleportation
 n - a scroll of enchant weapon {unknown}
Potions
 a - 2 potions of haste
 d - a potion of curing
 i - a potion of might
 m - a potion of mutation

Dungeon Overview and Level Annotations

Branches:
Dungeon (6/15)             Temple (1/1) D:5           Sewer (visited)

Altars:
Fedhas
Gozag
Hepliaklqana
Kikubaaqudgha
Makhleb
Nemelex Xobeh
Qazlal
Ru
Sif Muna
Uskayaw
Vehumet
Wu Jian
Xom
Yredelemnul

Shops:
D:4 *[?*

Annotations:
D:5 3 runed translucent doors, qw's ghost, amateur GrFi


Message History

Your Ranged Weapons skill increases to level 11!
You shoot an arrow. The arrow hits the phantom.
The arrow burns the phantom.
The phantom is lightly damaged.
The orc hits you but does no damage.
The phantom hits you but does no damage.
You shoot an arrow. The arrow hits the phantom!
The arrow burns the phantom.
The phantom is heavily damaged.
The orc barely misses you. The phantom hits you.
You shoot an arrow. The arrow hits the phantom!
The arrow burns the phantom.
You destroy the phantom!
The orc hits you but does no damage.
The wight hits you from afar with a +1 spear!
Your Dodging skill increases to level 4!
You shoot an arrow. The arrow hits the orc!
The arrow burns the orc.
You kill the orc!
The wight closely misses you.
You shoot an arrow. The arrow hits the wight.
The arrow burns the wight.
The wight is heavily damaged.
You block the wight's attack.
You shoot an arrow.
The arrow hits the wight but does no damage.
The wight is heavily damaged.
The wight hits you from afar with a +1 spear!
You shoot an arrow. The arrow closely misses the wight.
A wight comes into view. It is wielding a +1 morningstar.
The wight hits you from afar with a +1 spear.
You shoot an arrow. The arrow hits the wight.
The arrow burns the wight.
The wight is severely damaged.
The wight barely misses you.
You shoot an arrow.
The arrow hits the wight but does no damage.
The wight hits you with a +1 morningstar!
You feel drained. The wight closely misses you.
4239 ||| READING 2 scrolls of teleportation.
As you read the scroll of teleportation, it crumbles to dust.
You feel strangely unstable.
The wight hits you with a +1 morningstar!
You feel drained.
The wight hits you from afar with a +1 spear.
You die...

#......%....>....#
#..#####....###..........
#......z.#...##..........
....##.###..##..........
.......................).
...##..#.................
##.#z.....##........#
#.#......###.......#
..#@)...<.......##..
..#z)....###.##.####
..........##..##.. #
.#.........#####. #
.)#)......## .## ..
#.......# # ... ........#
#.. ##.......


You could see 3 wights.

Vanquished Creatures
  An acid dragon (D:5)
  A water moccasin (D:6)
  2 ice beasts
  An ogre (D:5)
  2 phantoms
  4 scorpions
  A wight (D:6)
  2 howler monkeys (D:6)
  3 jellies
  A hound (D:5)
  A gnoll bouda (D:5)
  An orc priest (D:6)
  4 iguanas
  4 orc wizards (D:6)
  A sleepcap (D:4)
  Ijyb (D:3)
  Robin (D:3)
  5 gnolls (D:5)
  14 adders
  3 river rats (Sewer)
  2 worms (D:2)
  5 dart slugs
  9 orcs
  8 endoplasms
  2 giant cockroaches
  7 goblins
  7 hobgoblins
  13 jackals
  10 kobolds
  5 quokkas
  8 ball pythons
  17 bats
  10 frilled lizards
  6 rats
162 creatures vanquished.

Notes
Turn   | Place    | Note
-------+----------+-------------------------------------------
     0 | D:1      | qw the Minotaur Hunter began the quest for the Orb.
     0 | D:1      | Reached XP level 1. HP: 18/18 MP: 0/0
     0 | D:1      | 0 ||| qw: Version: 0.2-a-122-gbc61b45
     0 | D:1      | 0 ||| qw: Game counter: 3499
     0 | D:1      | 0 ||| qw: Always use a shield: true
     0 | D:1      | 0 ||| qw: God list: Okawaru
     0 | D:1      | 0 ||| qw: Allow faded altars: false
     0 | D:1      | 0 ||| qw: Do Orc after D:15 true
     0 | D:1      | 0 ||| qw: Do second Lair branch before Depths: true
     0 | D:1      | 0 ||| qw: Lair rune preference: random
     0 | D:1      | 0 ||| qw: Plans: Normal
     0 | D:1      | 0 ||| PLANNING D:1-11
    67 | D:1      | Reached XP level 2. HP: 25/25 MP: 1/1
   103 | D:1      | Reached skill level 5 in Ranged Weapons
   280 | D:1      | Reached skill level 3 in Fighting
   398 | D:1      | Reached XP level 3. HP: 31/31 MP: 2/2
   647 | D:1      | 647 ||| UPGRADING to +0 ring mail.
   657 | D:1      | 657 ||| DROPPING +0 leather armour.
   658 | D:1      | 658 ||| READING scroll labelled ENLOAR FEIPPEJ.
   661 | D:1      | 661 ||| READING 2 scrolls labelled YNKAHASI ITEEZ.
   662 | D:1      | 662 ||| READING scroll labelled ROXKANENTA.
   663 | D:1      | 663 ||| DRINKING 2 golden potions.
   664 | D:1      | 664 ||| DROPPING scroll of butterflies.
   777 | D:2      | Reached skill level 1 in Armour
  1009 | D:2      | Found a shimmering altar of Xom.
  1034 | D:2      | Reached XP level 4. HP: 38/38 MP: 3/3
  1282 | D:2      | Identified the +7 long sword of the Chewing Gods {heavy,
                  | rC+ rN+ Will+ Int+2}
  1361 | D:2      | 1361 ||| UPGRADING to amulet of reflection.
  1366 | D:2      | 1366 ||| READING scroll labelled VIMULI JOUR.
  1366 | D:2      | Identified a scroll of acquirement
  1366 | D:2      | 1366 ||| ACQUIRING +4 shortbow of flaming
  1366 | D:2      | Acquired a +4 shortbow of flaming
  1368 | D:2      | 1368 ||| SWAPPING to +4 shortbow of flaming.
  1369 | D:2      | 1369 ||| DROPPING +0 shortbow.
  1370 | D:2      | 1370 ||| DRINKING 2 murky ruby potions.
  1371 | D:2      | 1371 ||| READING 2 scrolls of identify.
  1371 | D:2      | 1371 ||| IDENTIFYING amethyst potion
  1455 | D:3      | Noticed Ijyb
  1456 | D:3      | Noticed Robin
  1464 | D:3      | Killed Ijyb
  1465 | D:3      | Reached skill level 6 in Ranged Weapons
  1468 | D:3      | HP: 7/38 [adder (3)]
  1469 | D:3      | 1469 ||| READING scroll of teleportation.
  1470 | D:3      | 1470 ||| DRINKING potion of heal wounds.
  1626 | D:3      | Killed Robin
  1631 | D:3      | Reached XP level 5. HP: 46/46 MP: 4/4
  1900 | D:3      | 1900 ||| READING scroll labelled PYLY TIXZEKUNA.
  1901 | D:3      | 1901 ||| READING scroll labelled WYXOUWN JOJU.
  1902 | D:3      | 1902 ||| READING 3 scrolls of identify.
  1902 | D:3      | 1902 ||| IDENTIFYING inky potion
  1903 | D:3      | 1903 ||| READING 2 scrolls of identify.
  1903 | D:3      | 1903 ||| IDENTIFYING lumpy amethyst potion
  1904 | D:3      | 1904 ||| DROPPING potion of lignification.
  1906 | D:3      | 1906 ||| Stepping ~*~*~tactically~*~*~ (cloud).
  1999 | D:4      | 1999 ||| PLANNING SEWER
  2046 | D:4      | Found Bube's Assorted Antiques.
  2053 | D:4      | 2053 ||| BUYING copper ring (95 gold).
  2053 | D:4      | Bought a copper ring for 95 gold pieces
  2053 | D:4      | 2053 ||| SHOPLISTING glowing orcbow (123 gold, have 21).
  2053 | D:4      | 2053 ||| SHOPLISTING potion of haste (190 gold, have 21).
  2053 | D:4      | 2053 ||| SHOPLISTING potion of might (76 gold, have 21).
  2089 | D:4      | Found Bysa Mat's Armour Boutique.
  2093 | D:4      | Reached skill level 7 in Ranged Weapons
  2107 | D:4      | Reached XP level 6. HP: 52/52 MP: 5/5
  2119 | D:4      | Found Onophuhefi's Magic Scroll Boutique.
  2133 | D:4      | 2133 ||| SHOPLISTING scroll of brand weapon (114 gold, have
                  | 31).
  2133 | D:4      | 2133 ||| SHOPLISTING scroll of teleportation (36 gold, have
                  | 31).
  2172 | D:4      | Found Qoghim's Assorted Antiques.
  2180 | D:4      | 2180 ||| SHOPLISTING potion of curing (87 gold, have 31).
  2180 | D:4      | 2180 ||| BUYING puce potion (26 gold).
  2180 | D:4      | Bought a puce potion for 26 gold pieces
  2180 | D:4      | 2180 ||| SHOPLISTING scroll of identify (58 gold, have 5).
  2180 | D:4      | 2180 ||| SHOPLISTING short lead wand (116 gold, have 5).
  2220 | D:4      | Found a glowing drain.
  2221 | D:4      | 2221 ||| READING 2 scrolls of identify.
  2221 | D:4      | 2221 ||| IDENTIFYING fizzy grey potion
  2222 | D:4      | 2222 ||| DROPPING potion of brilliance.
  2237 | Sewer    | Entered a sewer
  2337 | Sewer    | 2337 ||| Stepping ~*~*~tactically~*~*~ (water).
  2360 | Sewer    | 2360 ||| Stepping ~*~*~tactically~*~*~ (water).
  2362 | Sewer    | 2362 ||| Stepping ~*~*~tactically~*~*~ (water).
  2374 | Sewer    | 2374 ||| Stepping ~*~*~tactically~*~*~ (water).
  2395 | Sewer    | 2395 ||| READING scroll of acquirement.
  2395 | Sewer    | 2395 ||| ACQUIRING ring of Harmony {Will+ rCorr Stlth+}
  2395 | Sewer    | Acquired the ring of Harmony {Will+ rCorr Stlth+}
  2397 | Sewer    | 2397 ||| UPGRADING to ring of Harmony {Will+ rCorr Stlth+}.
  2452 | Sewer    | Reached skill level 8 in Ranged Weapons
  2670 | Sewer    | 2670 ||| Stepping ~*~*~tactically~*~*~ (water).
  2839 | Sewer    | 2839 ||| READING scroll labelled WUSEMO RAMIMIO.
  2840 | Sewer    | 2840 ||| DRINKING 2 bubbling orange potions.
  2840 | Sewer    | Gained mutation: Your magical capacity is low. (-10% MP)
                  | [potion of mutation]
  2840 | Sewer    | Gained mutation: You are strong-willed. (Will+) [potion of
                  | mutation]
  2840 | Sewer    | Gained mutation: You possess an exceptional clarity of
                  | mind. [potion of mutation]
  2841 | Sewer    | 2841 ||| READING 4 scrolls of identify.
  2841 | Sewer    | 2841 ||| IDENTIFYING puce potion
  2842 | Sewer    | 2842 ||| DROPPING potion of attraction.
  2843 | Sewer    | 2843 ||| DROPPING potion of degeneration.
  2866 | D:4      | 2866 ||| PLANNING D:1-11
  3101 | D:4      | 3101 ||| SHOPLISTING +0 pair of boots of rampaging (126
                  | gold, have 84).
  3101 | D:4      | 3101 ||| SHOPLISTING +0 pair of gloves of stealth (126
                  | gold, have 84).
  3101 | D:4      | 3101 ||| SHOPLISTING +1 cloak (126 gold, have 84).
  3101 | D:4      | 3101 ||| SHOPLISTING +1 robe of fire resistance (139 gold,
                  | have 84).
  3250 | D:4      | Found Sorut's Distillery.
  3333 | D:4      | 3333 ||| DROPPING ring of magical power.
  3358 | D:5      | Entered Level 5 of the Dungeon
  3441 | D:5      | Found a runed translucent gate.
  3442 | D:5      | Found a runed translucent gate.
  3443 | D:5      | Found a runed translucent gate.
  3443 | D:5      | Noticed qw's ghost (amateur GrFi)
  3448 | D:5      | Noticed an acid dragon
  3452 | D:5      | Killed an acid dragon
  3453 | D:5      | Reached skill level 3 in Dodging
  3453 | D:5      | Reached XP level 7. HP: 56/61 MP: 5/5
  3506 | D:5      | Found a staircase to the Ecumenical Temple.
  3507 | D:5      | 3507 ||| PLANNING TEMPLE
  3516 | Temple   | Entered the Ecumenical Temple
  3542 | Temple   | 3542 ||| PLANNING D:1-11
  3596 | D:5      | Reached skill level 9 in Ranged Weapons
  3599 | D:5      | 3599 ||| FLEEEEING.
  3600 | D:5      | 3600 ||| FLEEEEING.
  3601 | D:5      | 3601 ||| FLEEEEING.
  3727 | D:5      | Reached skill level 6 in Fighting
  3744 | D:5      | Reached XP level 8. HP: 70/70 MP: 6/6
  3883 | D:5      | 3883 ||| READING scroll labelled PECUAQ GYTUC.
  3884 | D:5      | 3884 ||| READING scroll labelled YSU VUUMAWNISK.
  3954 | D:6      | Reached skill level 10 in Ranged Weapons
  3974 | D:6      | 3974 ||| FLEEEEING.
  3975 | D:6      | 3975 ||| FLEEEEING.
  3976 | D:6      | 3976 ||| FLEEEEING.
  3977 | D:6      | 3977 ||| FLEEEEING.
  3978 | D:6      | 3978 ||| FLEEEEING.
  3980 | D:6      | HP: 12/70 [wight/+2 heavy battleaxe (27)]
  3981 | D:6      | 3981 ||| READING 3 scrolls of teleportation.
  3982 | D:6      | 3982 ||| DRINKING potion of heal wounds.
  4230 | D:6      | Reached skill level 11 in Ranged Weapons
  4238 | D:6      | HP: 14/73 [wight/+1 morningstar (14)]
  4239 | D:6      | 4239 ||| READING 2 scrolls of teleportation.
  4239 | D:6      | HP: 5/71 [wight/+1 morningstar (7)]
  4239 | D:6      | Slain by a wight

Levels and vault maps discovered:
D:1:      evilmike_arrival_fibonacci_small, layout_loops_ring
D:2:      layout_loops_ring, basic_altar, kennysheep_generic_room_11
D:3:      layout_loops_ring, nicolae_goblin_pals
D:4:      layout_loops_ring, serial_shops, nicolae_shop_tiny_statue_garden,
          nicolae_shop_just_a_little_nook, nicolae_shop_overgrown_old_shop,
          shop, nicolae_shop_peninsula, cheibrodos_sewer_entry_sluice
D:5:      layout_rooms, minmay_temple_entry_glass, ebering_ghost_rock_garden,
          grunt_decor_resistance
D:6:      layout_rooms, uniq_crazy_yiuf_cottage
Temple:   nicolae_temple_ecumenical_triangle

Skill      XL: |  1  2  3  4  5  6  7  8 |
---------------+-------------------------+-----
Ranged Weapons | 5 6 7 8 9 11 | 11.0
Fighting       | 3 4 5 6 7 |  7.0
Armour         | 1 2 |  2.2
Dodging        | 3 4 |  4.1
Stealth        | |  0.7

Action                     |  1- 3 |  4- 6 |  7- 9 || total
---------------------------+-------+-------+-------++-------
   Fire: Shortbow          |   126 |   161 |   131 ||   418
    Use: Scroll            |     3 |    11 |     4 ||    18
         Potion            |     1 |     3 |     1 ||     5
 Armour: Leather armour    |    10 |       |       ||    10
         Ring mail         |     1 |    22 |     9 ||    32
  Dodge: Dodged            |    24 |    44 |    18 ||    86
  Block: Other             |       |    22 |     6 ||    28
         Reflection        |       |     1 |       ||     1

Table legend:
 A = Non-vault XP
 B = Vault XP
 C = Vault XP percentage of total XP
 D = Non-vault monster count
 E = Vault monster count
 F = Vault count percentage of total count
                 A         B        C        D         E       F
            +---------+---------+-------+---------+---------+-------
      Total |    2339 |     206 |   8.1 |     123 |      39 |  24.1
            +---------+---------+-------+---------+---------+-------
        D:1 |      54 |       0 |   0.0 |      34 |       0 |   0.0
        D:2 |      47 |       5 |   9.6 |      14 |       1 |   6.7
        D:3 |      68 |      59 |  46.5 |      19 |       7 |  26.9
        D:4 |     256 |       5 |   1.9 |      12 |       3 |  20.0
        D:5 |     868 |       0 |   0.0 |      22 |       0 |   0.0
        D:6 |    1046 |       0 |   0.0 |      22 |       0 |   0.0
      Sewer |       0 |     137 | 100.0 |       0 |      28 | 100.0
            +---------+---------+-------+---------+---------+-------
